Map: Sanctuary III LE

Players

dubidubab - Winner!

  • Race: Terran Terran
  • Spawn Location: 1:00

RipNHammer

  • Race: Terran Terran
  • League: Master
  • Spawn Location: 7:00

VOD

Have the link to the VOD?

Description

Time

  • Played on: Sept. 5, 2026, 12:22 p.m.
  • Length: 12:40
Show
View Real Time Build Order
Export as new Build Order

dubidubab Terran - Winner!

Build Orders:  

Get SALT Encoding   

  8  0:01  SCV  
  9  0:13  SCV  
  10  0:25  SCV  
  11  0:37  SCV  
  11  0:40  Supply Depot  
  12  0:49  SCV  
  13  1:02  SCV  
  13  1:03  Barracks  
  14  1:07  Refinery  
  14  1:14  SCV  
  15  1:20  Refinery  
  15  1:26  SCV  
  16  1:38  SCV  
  17  1:50  Orbital Command  
  17  1:51  Reaper  
  18  2:09  Factory  
  18  2:16  SCV  
  19  2:23  Supply Depot  
  19  2:27  Barracks Reactor  
  20  2:30  SCV  
  20  2:42  SCV  
  21  2:49  Command Center  
  21  3:01  Hellion  
  21  3:03  SCV  
  24  3:10  Reaper, Supply Depot  
  24  3:11  Reaper  
  26  3:15  SCV  
  27  3:24  Hellion  
  29  3:32  SCV  
  29  3:33  Starport  
  30  3:44  SCV  
  30  3:47  Marine  
  30  3:48  Marine, Factory Tech Lab  
  33  3:56  SCV  
  33  4:08  SCV  
  34  4:16  Starport Tech Lab  
  33  4:17  Cyclone  
  33  4:20  SCV  
  33  4:21  Refinery  
  37  4:27  Marine x2, Orbital Command  
  39  4:33  SCV  
  39  4:37  Raven, Interference Matrix  
  42  4:45  SCV  
  42  4:52  Supply Depot  
  40  5:00  Marine x2  
  40  5:01  Siege Tank  
  45  5:08  SCV x2  
  45  5:12  Raven  
  49  5:15  Supply Depot  
  49  5:21  SCV  
  49  5:22  SCV  
  49  5:23  Marine x2  
  53  5:34  SCV x2  
  53  5:35  Barracks  
  55  5:38  Barracks  
  55  5:49  SCV x2  
  56  5:56  Marine x2  
  56  5:57  Raven  
  60  6:01  SCV, Engineering Bay  
  61  6:05  SCV  
  65  6:11  Siege Tank  
  65  6:13  SCV  
  65  6:17  Supply Depot  
  66  6:21  Supply Depot  
  66  6:24  Barracks Tech Lab  
  64  6:37  Marine x2  
  66  6:40  Terran Infantry Weapons Level 1  
  66  6:48  Marine  
  66  6:49  Stimpack  
  66  6:53  SCV x2  
  69  6:56  Marine x3  
  69  6:58  Starport Reactor  
  69  6:59  Refinery  
  69  7:01  Combat Shield  
  72  7:05  SCV x2  
  72  7:06  Marine  
  72  7:07  Supply Depot  
  75  7:14  Siege Tank  
  78  7:17  SCV x2  
  78  7:20  Supply Depot  
  78  7:21  Marine x2  
  82  7:28  Marine x2  
  82  7:29  SCV x2  
  84  7:37  Medivac x2  
  84  7:42  Marine x2  
  90  7:46  Siege Tank, Marine x2  
  95  7:59  Command Center  
  95  8:00  Marine x2  
  95  8:04  Marine  
  98  8:10  Marine, SCV  
  98  8:11  SCV  
  101  8:16  Medivac x2  
  105  8:24  Supply Depot  
  105  8:26  Supply Depot  
  105  8:34  Terran Infantry Armor Level 1  
  105  8:37  Marine  
  105  8:41  Barracks  
  106  8:45  Barracks, Marine x3, Siege Tank  
  106  8:48  Medivac x2  
  95  9:23  Medivac x2, Siege Tank  
  92  9:24  Marine x2, Marauder x2  
  92  9:30  Marine  
  99  9:33  SCV  
  99  9:34  SCV, Armory, Engineering Bay  
  101  9:42  Marine x2  
  101  9:45  Marine  
  104  9:55  Medivac x2, Siege Tank  
  104  9:57  Barracks Reactor x2  
  111  10:00  SCV x2  
  111  10:06  Marine x2, Marauder  
  111  10:07  Marauder  
  119  10:12  SCV x2  
  121  10:24  Marine x2  
  121  10:27  Marine x2  
  120  10:30  Medivac x2, Siege Tank  
  123  10:42  Marine x2  
  122  10:46  Marauder  
  118  10:55  Marine x2, Marauder  
  118  10:56  Marine x2  
  122  11:07  Command Center  
  122  11:13  Marine x2  
  122  11:17  Marauder  
  122  11:20  Marauder  
  122  11:25  Marine x2  
  115  11:38  Marauder  
  116  11:42  Marauder  
  116  11:43  Marine  
  116  11:44  Marine x3  
  116  11:45  SCV  
  122  11:51  SCV  
  123  12:00  Marauder  
  125  12:15  SCV  
  132  12:25  SCV  
  132  12:27  SCV  
Show
View Real Time Build Order
Export as new Build Order

RipNHammer Terran 

Build Orders: Mech 

Get SALT Encoding   

  8  0:00  SCV  
  9  0:12  SCV  
  10  0:24  SCV  
  11  0:36  SCV  
  11  0:39  Supply Depot  
  11  0:41  Supply Depot  
  12  0:49  SCV  
  13  1:03  SCV  
  14  1:04  Barracks  
  14  1:10  Refinery  
  14  1:15  SCV  
  15  1:19  Refinery  
  15  1:27  SCV  
  16  1:39  SCV  
  17  1:52  Reaper  
  17  1:53  Orbital Command  
  18  2:02  Supply Depot  
  18  2:18  Factory  
  18  2:24  SCV  
  19  2:34  Reaper  
  19  2:36  SCV  
  21  2:56  Command Center  
  21  3:05  Hellion  
  23  3:09  Supply Depot  
  23  3:11  SCV  
  24  3:15  Starport  
  24  3:23  SCV  
  24  3:26  Barracks Reactor  
  25  3:30  Factory Tech Lab  
  25  3:35  SCV  
  26  3:47  SCV  
  27  3:57  Starport Tech Lab  
  27  3:58  Siege Tank  
  27  4:00  SCV  
  29  4:04  Marine x2  
  29  4:09  Refinery  
  29  4:18  SCV  
  29  4:20  Orbital Command  
  29  4:21  Marine  
  29  4:22  Marine  
  32  4:26  Raven  
  32  4:30  SCV  
  35  4:40  Marine  
  35  4:41  Marine  
  35  4:42  SCV  
  35  4:45  Siege Tank  
  41  4:46  SCV  
  42  4:54  SCV  
  42  4:56  Supply Depot  
  43  5:03  Raven  
  43  5:05  Interference Matrix  
  45  5:08  Refinery  
  45  5:14  Marine x2  
  47  5:22  SCV  
  47  5:23  SCV, Supply Depot  
  49  5:31  Command Center  
  49  5:38  SCV x2  
  51  5:48  Raven  
  53  5:50  SCV x2  
  53  5:54  Supply Depot  
  55  6:02  SCV x2  
  57  6:04  Cyclone  
  60  6:14  SCV  
  61  6:35  SCV  
  61  6:39  Factory  
  62  6:41  SCV  
  62  6:44  Cyclone  
  62  6:45  Mag-Field Accelerator  
  62  6:46  Orbital Command  
  66  6:48  SCV  
  66  6:51  Factory  
  66  6:52  Viking  
  66  6:53  Factory, SCV  
  70  6:58  Viking  
  70  7:00  SCV  
  73  7:11  SCV  
  73  7:12  SCV  
  73  7:13  SCV  
  73  7:14  Armory  
  75  7:18  Siege Tank  
  78  7:23  SCV  
  78  7:26  Factory Tech Lab  
  79  7:30  SCV  
  79  7:31  SCV  
  79  7:32  Armory  
  79  7:33  Viking x2  
  79  7:35  SCV, Infernal Pre-Igniter  
  86  7:42  Factory Reactor, Orbital Command  
  86  7:43  SCV  
  87  7:44  Factory  
  87  8:02  SCV x2, Siege Tank  
  87  8:03  Supply Depot  
  87  8:04  Siege Tank, Refinery  
  87  8:05  Refinery  
  95  8:19  Supply Depot  
  95  8:20  Supply Depot  
  95  8:25  SCV x2  
  95  8:26  Hellion x2  
  101  8:29  Factory Tech Lab  
  101  8:32  Supply Depot  
  101  8:33  SCV  
  102  8:34  Engineering Bay  
  102  8:38  Supply Depot  
  102  8:41  Siege Tank x2, Cyclone  
  111  8:46  Supply Depot  
  110  8:57  SCV x2, Cyclone  
  101  9:12  Hellion  
  101  9:13  Siege Tank x2, Cyclone  
  101  9:14  Hellion  
  99  9:25  SCV  
  99  9:30  Cyclone  
  103  9:31  Terran Vehicle Weapons Level 1  
  103  9:32  Terran Vehicle And Ship Armor Level 1  
  103  9:33  SCV, Hellion  
  106  9:44  Missile Turret  
  106  9:47  SCV  
  106  9:51  SCV  
  100  9:56  Hellion  
  100  9:59  SCV  
  100  10:03  Siege Tank, SCV  
  100  10:04  Missile Turret  
  104  10:18  Siege Tank x2  
  110  10:24  Cyclone, Refinery x2, Missile Turret  
  110  10:25  Hellion  
  108  10:40  Hellion  
  106  10:55  Orbital Command  
  63  11:14  Viking x2  
  42  11:35  Factory Tech Lab  
  42  11:39  Factory Tech Lab  
  42  11:43  Factory Tech Lab  
  42  11:46  SCV x2  
  47  11:47  Factory Tech Lab  
  44  12:01  Refinery  
  43  12:25  Supply Depot  
  43  12:27  Supply Depot  
Tags
 
Composition
Mech
League
Master
Matchup
TvT
Race
Terran
Replay Pack
RipNHammer
Spawn Locations
Cross Positions
Add a new tag
Caveats
  • Supply blocks, unpowered buildings, or Contaminate may cause inaccurate times.
  • Supply counts are checked every 10 seconds.